[Event "Titled Tuesday Blitz November 08 Early 2022"]
[White "Mohamed, Saeed Laily"]
[Black "Shuvalov, Evgenij"]
[WhiteFideId "9314946"]
[BlackFideId "4187237"]
[WhiteElo "1874"]
[BlackElo "2049"]
[Result "0-1"]
[Round "02"]
[TimeControl "180+1"]
[Date "2022.11.09"]
[WhiteClock "0:00:01"]
[BlackClock "0:00:12"]

1. d4 Nf6 2. Bg5 d5 3. e3 Bg4 4. f3 Bh5 5. c3 c6 6. Nd2 Nbd7 7. Bd3 e5 8. g4 Bg6 9. Bxg6 hxg6 10. Ne2 Bd6 11. dxe5 Nxe5 12. Qc2 Qb6 13. O-O-O O-O-O 14. h4 Rde8 15. Kb1 Kb8 16. Bf4 Qc7 17. e4 dxe4 18. Nxe4 Nxe4 19. Qxe4 f6 20. Ng3 Ka8 21. Qd4 Rd8 22. Qf2 Nxg4 23. fxg4 Bxf4 24. Ne4 Be5 25. Nc5 Qb6 26. b4 Bxc3 27. Rxd8+ Rxd8 28. a3 Bd4 29. Qc2 Bxc5 30. Qxc5 Qxc5 31. bxc5 Kb8 32. Re1 Rd7 33. Kb2 Kc7 34. Kc3 Kd8 35. Kc4 Rd2 0-1


[Site "https://www.chess.com"]

[Event "Titled Tuesday Blitz November 08 Early 2022"]
[White "Molina, Roberto Junio Brito"]
[Black "Chernov, Mikhail"]
[WhiteFideId "2109450"]
[BlackFideId "24143170"]
[WhiteElo "2388"]
[BlackElo "2113"]
[Result "1-0"]
[Round "02"]
[TimeControl "180+1"]
[Date "2022.11.09"]
[WhiteClock "0:00:11"]
[BlackClock "0:00:02"]

1. d4 d5 2. Nf3 Nc6 3. c4 Bg4 4. cxd5 Bxf3 5. gxf3 Qxd5 6. e3 e5 7. Nc3 Bb4 8. Bd2 Bxc3 9. bxc3 Qd6 10. Qa4 O-O-O 11. f4 exf4 12. e4 f6 13. Rb1 Nge7 14. Qb5 b6 15. a4 Rhe8 16. Bh3+ Kb8 17. O-O g5 18. Kh1 h5 19. f3 Ka8 20. a5 Nxa5 21. Ra1 Qc6 22. Qa6 Qb7 23. Qd3 Nb3 24. Ra3 Nxd2 25. Qxd2 a5 26. c4 Nc6 27. d5 Qa6 28. Rc1 Ne5 29. Bf1 g4 30. c5 Qb7 31. Qxf4 gxf3 32. Qxf6 Ka7 33. Rac3 b5 34. d6 c6 35. Ra3 a4 36. Rb1 Qd7 37. Qh4 Ng4 38. Bh3 Rxe4 39. Qg3 Qf7 40. Rxf3 1-0


[Site "https://www.chess.com"]

[Event "Titled Tuesday Blitz November 08 Early 2022"]
[White "Mouhamad, Joachim"]
[Black "Mazzilli, Piero"]
[WhiteFideId "656410"]
[BlackFideId "807087"]
[WhiteElo "2164"]
[BlackElo "2259"]
[Result "1-0"]
[Round "02"]
[TimeControl "180+1"]
[Date "2022.11.09"]
[WhiteClock "0:01:27"]
[BlackClock "0:00:02"]

1. e4 c5 2. Nf3 d6 3. d4 cxd4 4. Nxd4 Nf6 5. Nc3 a6 6. f3 e6 7. Be3 b5 8. Qd2 Bb7 9. g4 h6 10. Rg1 Nbd7 11. h4 b4 12. Na4 d5 13. g5 hxg5 14. hxg5 Nh5 15. g6 Ne5 16. gxf7+ Kxf7 17. O-O-O dxe4 18. Bh3 Bc8 19. fxe4 Nf6 20. Qg2 Qa5 21. b3 Bd7 22. Bf4 Bxa4 23. Bxe6+ Ke8 24. bxa4 Neg4 25. Bxg4 1-0


[Site "https://www.chess.com"]

[Event "Titled Tuesday Blitz November 08 Early 2022"]
[White "Muminova, Nafisa"]
[Black "Harshavardhan G B"]
[WhiteFideId "14201526"]
[BlackFideId "25059009"]
[WhiteElo "2258"]
[BlackElo "2333"]
[Result "0-1"]
[Round "02"]
[TimeControl "180+1"]
[Date "2022.11.09"]
[WhiteClock "0:00:07"]
[BlackClock "0:00:53"]

1. e4 e6 2. d4 d5 3. e5 c5 4. c3 Nc6 5. Nf3 Qb6 6. a3 c4 7. Be2 Bd7 8. O-O O-O-O 9. Nbd2 Na5 10. b3 Nxb3 11. Rb1 Ba4 12. Qe1 Qa5 13. Nxb3 Bxb3 14. Bb2 Nh6 15. Nd2 Ba4 16. Bxc4 dxc4 17. Nxc4 Qc7 18. Ne3 f6 19. exf6 gxf6 20. c4 Bd6 21. Kh1 Rhe8 22. c5 Bf8 23. Qb4 Bc6 24. d5 exd5 25. Bxf6 Rd7 26. Qd4 Re4 27. Qc3 d4 28. Qb2 dxe3 29. fxe3 Rf7 30. Bg5 Rg4 31. Bf4 Qe7 32. Rf2 Nf5 33. Qh8 Nxe3 34. Bd6 Rxf2 35. Bxe7 Rgxg2 36. Bxf8 Rg8# 0-1


[Site "https://www.chess.com"]

[Event "Titled Tuesday Blitz November 08 Early 2022"]
[White "Naroditsky, Daniel"]
[Black "Krysa, Leandro"]
[WhiteFideId "2026961"]
[BlackFideId "116807"]
[WhiteElo "2628"]
[BlackElo "2485"]
[Result "1-0"]
[Round "02"]
[TimeControl "180+1"]
[Date "2022.11.08"]
[WhiteClock "0:01:54"]
[BlackClock "0:01:00"]

1. e4 g6 2. d4 Bg7 3. Nc3 d6 4. Be2 Nf6 5. h4 h5 6. Nf3 O-O 7. Ng5 e5 8. dxe5 dxe5 9. Qxd8 Rxd8 10. Bc4 Rf8 11. Be3 c6 12. Bc5 b5 13. Bxf8 bxc4 14. Bxg7 Kxg7 15. f3 Kf8 16. O-O-O Ke7 17. Rd2 Ne8 18. Nh3 Na6 19. Nf2 Nc5 20. Nfd1 Ne6 21. Ne3 Ba6 22. Rhd1 Nd4 23. Na4 Ne6 24. b3 cxb3 25. axb3 Nd4 26. Nc5 Bc8 27. Nc4 Kf6 28. Nxe5 Nxb3+ 29. cxb3 Kxe5 30. Rd8 Nc7 31. Rf8 1-0


[Site "https://www.chess.com"]

[Event "Titled Tuesday Blitz November 08 Early 2022"]
[White "Nouri, Alekhine"]
[Black "Pourkashiyan, Atousa"]
[WhiteFideId "5216184"]
[BlackFideId "12502014"]
[WhiteElo "2151"]
[BlackElo "2247"]
[Result "1-0"]
[Round "02"]
[TimeControl "180+1"]
[Date "2022.11.09"]
[WhiteClock "0:00:45"]
[BlackClock "0:00:26"]

1. e4 c5 2. Nc3 e6 3. g3 a6 4. Bg2 b5 5. Nh3 Bb7 6. O-O b4 7. Ne2 Nf6 8. d3 Qc7 9. Bf4 d6 10. Be3 Nbd7 11. f4 Ng4 12. Bd2 Be7 13. Nf2 Nxf2 14. Rxf2 Nf6 15. h3 h5 16. Be3 d5 17. e5 d4 18. Bd2 Nd5 19. c4 dxc3 20. bxc3 bxc3 21. Nxc3 Nxc3 22. Bxc3 Bxg2 23. Rxg2 c4 24. Qa4+ Kf8 25. Qxc4 Qxc4 26. dxc4 Rc8 27. Rb1 g6 28. Rb7 Rxc4 29. Bb2 h4 30. Rd2 hxg3 31. Rdd7 Bc5+ 32. Kg2 Rxf4 33. Bc1 Rf5 34. Bg5 Rxg5 35. Rxf7+ Kg8 36. Rg7+ Kf8 37. Rgc7 1-0


[Site "https://www.chess.com"]

[Event "Titled Tuesday Blitz November 08 Early 2022"]
[White "Ovchinnikov, Vsevolod"]
[Black "Faizrakhmanov, Ramil"]
[WhiteFideId "24176842"]
[BlackFideId "24103209"]
[WhiteElo "2376"]
[BlackElo "2437"]
[Result "0-1"]
[Round "02"]
[TimeControl "180+1"]
[Date "2022.11.09"]
[WhiteClock "0:00:04"]
[BlackClock "0:00:05"]

1. d4 Nf6 2. c4 e6 3. g3 d5 4. Bg2 dxc4 5. Nf3 Bb4+ 6. Bd2 a5 7. Qc2 c5 8. Qxc4 b6 9. dxc5 Bxc5 10. Nc3 Bb7 11. Rd1 Nbd7 12. Bg5 Qe7 13. O-O O-O 14. Nd2 Bxg2 15. Kxg2 Rac8 16. Qb5 h6 17. Bxf6 Nxf6 18. Nde4 Qb7 19. f3 Nxe4 20. Nxe4 Be7 21. Rd7 Rc7 22. Rfd1 Rfc8 23. Rxc7 Rxc7 24. Rd2 Qc6 25. Qxc6 Rxc6 26. Rd7 Kf8 27. Rb7 f5 28. Nc3 Bf6 29. Na4 Rc2 30. Kf1 Bxb2 31. Rxb6 Bd4 32. Rxe6 Rxa2 33. Nb6 a4 34. Nd7+ Kf7 35. Ra6 a3 36. Nb8 Ra1+ 37. Kg2 a2 38. Kh3 g5 39. Nc6 Bc3 40. Ra3 h5 41. Ra4 g4+ 42. Kg2 Ke6 43. Na7 Kd5 44. Nb5 Bb2 45. e4+ fxe4 46. fxe4+ Kc5 47. Nc7 Kb6 48. Nd5+ Kb5 49. Rb4+ Kc5 50. Ra4 Bd4 51. h4 Rg1+ 52. Kh2 a1=Q 0-1


[Site "https://www.chess.com"]

[Event "Titled Tuesday Blitz November 08 Early 2022"]
[White "Ozen, Bahadir"]
[Black "Lopez Martinez, Josep Manuel"]
[WhiteFideId "6337058"]
[BlackFideId "2212943"]
[WhiteElo "2503"]
[BlackElo "2471"]
[Result "1/2-1/2"]
[Round "02"]
[TimeControl "180+1"]
[Date "2022.11.09"]
[WhiteClock "0:01:38"]
[BlackClock "0:01:50"]

1. g3 d5 2. Bg2 c6 3. Nf3 Bg4 4. h3 Bxf3 5. Bxf3 e5 6. d3 Nf6 7. Bg2 Bc5 8. Nd2 Nbd7 9. e4 O-O 10. O-O Re8 11. a4 a5 12. Qe2 Qb6 13. Nb3 Bf8 14. Be3 Qc7 15. c3 Rab8 16. Rfd1 b5 17. Qc2 b4 18. c4 d4 19. Bg5 h6 20. Bd2 Nc5 21. Nxc5 Bxc5 22. b3 Bd6 23. Kh2 g5 24. Rf1 Kh7 25. Qd1 Rg8 26. Bf3 Rg6 27. Bg4 Nxg4+ 28. hxg4 Qd7 29. Kg2 Kg7 30. Rh1 c5 31. Qe2 Re8 32. Rh5 Ree6 33. Rah1 Ref6 34. Bc1 Qe6 35. f3 Kf8 36. Bd2 Ke7 37. Bc1 Kd7 38. Bd2 Kc6 39. Bc1 Qd7 40. Bd2 Re6 41. Bc1 Bf8 42. Bd2 Kb6 43. Bc1 Rgf6 44. Bd2 Rg6 45. Bc1 Ref6 46. Bd2 Qe6 47. Bc1 Qd7 48. Bd2 Rc6 49. Bc1 Rge6 50. Bd2 Qe7 51. Bc1 Qf6 52. Bd2 Qg6 53. Bc1 Rf6 54. Bd2 Rfe6 55. Bc1 Rf6 56. Bd2 Rfe6 1/2-1/2


[Site "https://www.chess.com"]

[Event "Titled Tuesday Blitz November 08 Early 2022"]
[White "Padmini, Rout"]
[Black "Fawzy, Adham"]
[WhiteFideId "5029295"]
[BlackFideId "10613129"]
[WhiteElo "2296"]
[BlackElo "2541"]
[Result "1/2-1/2"]
[Round "02"]
[TimeControl "180+1"]
[Date "2022.11.09"]
[WhiteClock "0:00:26"]
[BlackClock "0:00:08"]

1. e4 c5 2. c3 Nf6 3. e5 Nd5 4. Nf3 d6 5. d4 cxd4 6. cxd4 Nc6 7. Bc4 Nb6 8. Bb3 dxe5 9. Nxe5 Nxe5 10. dxe5 Qxd1+ 11. Bxd1 Bf5 12. Nc3 e6 13. Bf3 O-O-O 14. Bg5 Rd7 15. Nb5 Bb4+ 16. Kf1 Kb8 17. Be3 Rc8 18. g4 Bd3+ 19. Be2 Bxe2+ 20. Kxe2 Rc2+ 21. Kf3 Rxb2 22. Rhd1 Rxd1 23. Rxd1 Be7 24. a4 Nxa4 25. Nxa7 Bc5 26. Rd7 Bxe3 27. Kxe3 Kxa7 28. Rxf7 Rb3+ 29. Kf4 Nc5 30. Rxg7 Nd3+ 31. Kg5 Nxe5 32. f4 Nd3 33. Rxh7 Ka6 34. f5 exf5 35. gxf5 Nf2 36. f6 Ne4+ 37. Kf5 Nxf6 38. Kxf6 b5 39. h4 Ka5 40. h5 Rh3 41. h6 Kb4 42. Kg5 Kc3 43. Rc7+ Kb3 44. Kg6 b4 45. h7 Kb2 46. Rc5 Rxh7 47. Kxh7 b3 48. Rb5 Ka2 49. Rxb3 Kxb3 1/2-1/2


[Site "https://www.chess.com"]

[Event "Titled Tuesday Blitz November 08 Early 2022"]
[White "Pajeken, Jakob Leon"]
[Black "Zhigalko, Sergei"]
[WhiteFideId "12942839"]
[BlackFideId "13502956"]
[WhiteElo "2429"]
[BlackElo "2662"]
[Result "0-1"]
[Round "02"]
[TimeControl "180+1"]
[Date "2022.11.09"]
[WhiteClock "0:00:51"]
[BlackClock "0:00:18"]

1. d4 Nf6 2. Nf3 e6 3. c4 b6 4. a3 Ba6 5. e3 d5 6. Nbd2 Be7 7. b3 O-O 8. Bb2 c5 9. cxd5 Bxf1 10. Nxf1 Qxd5 11. Ng3 cxd4 12. Bxd4 Nc6 13. Bxf6 Qxd1+ 14. Rxd1 gxf6 15. a4 Na5 16. Rd3 Rac8 17. Ke2 Rc2+ 18. Nd2 Bb4 19. Rd1 Rfc8 20. Nf1 Rb2 21. Rb1 Ra2 22. Rd7 Rcc2 23. f3 f5 24. h3 Nc6 25. g4 fxg4 26. hxg4 Ne5 27. Rd8+ Kg7 28. Rd1 Rab2 29. Ng3 Bxd2 30. Nh5+ Kh6 31. R1xd2 Rxd2+ 32. Rxd2 Rxd2+ 33. Kxd2 Nxf3+ 34. Kc3 Kg5 35. Kb4 f5 36. Kb5 fxg4 37. Ng3 h5 38. Ka6 h4 39. Ne4+ Kg6 40. Kxa7 g3 41. Kxb6 g2 0-1


[Site "https://www.chess.com"]

[Event "Titled Tuesday Blitz November 08 Early 2022"]
[White "Papasimakopoulos, Alexandros"]
[Black "Jiganchine, Roman"]
[WhiteFideId "4244125"]
[BlackFideId "2603667"]
[WhiteElo "2365"]
[BlackElo "2346"]
[Result "1/2-1/2"]
[Round "02"]
[TimeControl "180+1"]
[Date "2022.11.09"]
[WhiteClock "0:00:14"]
[BlackClock "0:00:08"]

1. d4 d5 2. c4 e6 3. Nc3 Nf6 4. cxd5 exd5 5. Bg5 c6 6. e3 Bf5 7. Qf3 Bg6 8. Bxf6 Qxf6 9. Qxf6 gxf6 10. Nf3 Nd7 11. Kd2 Nb6 12. Bd3 Nc4+ 13. Bxc4 dxc4 14. a3 b5 15. g4 h5 16. h3 Bh6 17. Nh4 Rd8 18. Nxg6 fxg6 19. gxh5 gxh5 20. Ke2 Kf7 21. a4 b4 22. Ne4 f5 23. Nc5 f4 24. Kf3 Rhe8 25. Rhe1 Rd5 26. e4 Rxd4 27. Rac1 Bf8 28. Nb7 Re5 29. Rcd1 Rd3+ 30. Rxd3 cxd3 31. Nd8+ Kf6 32. Nxc6 Rc5 33. Nxa7 Rc2 34. Nb5 Bc5 35. e5+ Ke6 36. Kxf4 Rxf2+ 37. Kg3 d2 38. Rd1 Re2 39. a5 Rxe5 40. a6 Bb6 41. a7 Bxa7 42. Nxa7 Re2 43. Kf3 Rh2 44. Kg3 Re2 45. Nc6 Kd5 46. Nxb4+ Kc4 47. Nc2 Kd3 48. Nb4+ Kc4 49. Nc6 Kd3 50. Nb4+ Kc4 1/2-1/2


[Site "https://www.chess.com"]

[Event "Titled Tuesday Blitz November 08 Early 2022"]
[White "Perez Ponsa, Federico"]
[Black "Parpiev, Isaak"]
[WhiteFideId "117927"]
[BlackFideId "34281576"]
[WhiteElo "2606"]
[BlackElo "2094"]
[Result "1-0"]
[Round "02"]
[TimeControl "180+1"]
[Date "2022.11.09"]
[WhiteClock "0:00:34"]
[BlackClock "0:00:01"]

1. e4 e5 2. Nf3 Nc6 3. d4 exd4 4. Nxd4 Nf6 5. Nxc6 bxc6 6. Bd3 d5 7. exd5 cxd5 8. O-O Be7 9. c4 d4 10. Bg5 O-O 11. Nd2 Rb8 12. Rb1 c5 13. Re1 Bb7 14. Bxf6 Bxf6 15. Qh5 g6 16. Qxc5 Qd7 17. Ne4 Bxe4 18. Bxe4 d3 19. b3 Rbd8 20. Bd5 Qg4 21. Qe3 Qf5 22. Rbd1 Rfe8 23. Qxe8+ Rxe8 24. Rxe8+ Kg7 25. Re4 Qg5 26. h4 Qh5 27. Rxd3 Bxh4 28. g3 Bf6 29. Kg2 Qg5 30. Rf3 Be5 31. Rxf7+ Kh8 32. f4 Qg4 33. Rxe5 1-0


[Site "https://www.chess.com"]

[Event "Titled Tuesday Blitz November 08 Early 2022"]
[White "Peyrer, Konstantin"]
[Black "Fernandez Siles, Luis"]
[WhiteFideId "1640879"]
[BlackFideId "2209420"]
[WhiteElo "2415"]
[BlackElo "2186"]
[Result "0-1"]
[Round "02"]
[TimeControl "180+1"]
[Date "2022.11.09"]
[WhiteClock "0:00:02"]
[BlackClock "0:00:11"]

1. c4 Nf6 2. Nc3 g6 3. e4 d6 4. d4 Bg7 5. h3 O-O 6. Be3 Nbd7 7. Nf3 e5 8. d5 Qe7 9. g4 c5 10. Nd2 a6 11. a4 b6 12. Be2 Rb8 13. g5 Ne8 14. h4 f6 15. Qc2 fxg5 16. hxg5 Rf4 17. Bxf4 exf4 18. O-O-O Qxg5 19. Nf3 Qf6 20. Rdg1 Nc7 21. Ng5 h6 22. Ne6 Nxe6 23. dxe6 Ne5 24. Nd5 Qxe6 25. Nxf4 Qf7 26. Nd3 Nc6 27. e5 Nd4 28. Qd1 Qxc4+ 29. Kb1 Bf5 30. Bf1 Bxe5 31. Rh5 Be4 32. Rg4 Nb3 33. Rhh4 d5 34. Rxe4 dxe4 35. Nxe5 Qxf1 36. Qxf1 Nd2+ 37. Kc2 Nxf1 38. Rh1 Re8 39. Ng4 e3 40. Nf6+ Kf7 41. Nxe8 e2 42. Nd6+ Ke6 43. Rh4 e1=Q 44. Re4+ Qxe4+ 45. Nxe4 h5 46. a5 bxa5 47. Nxc5+ Kf5 48. Nxa6 h4 49. Kd3 Nh2 50. Ke2 h3 51. Nc5 Kg4 52. Nd3 Nf3 0-1


[Site "https://www.chess.com"]

[Event "Titled Tuesday Blitz November 08 Early 2022"]
[White "Pichot, Alan"]
[Black "Baches Garcia, Guillermo"]
[WhiteFideId "110973"]
[BlackFideId "2209764"]
[WhiteElo "2560"]
[BlackElo "2446"]
[Result "1-0"]
[Round "02"]
[TimeControl "180+1"]
[Date "2022.11.09"]
[WhiteClock "0:01:23"]
[BlackClock "0:00:09"]

1. e4 c5 2. Nf3 d6 3. Bb5+ Bd7 4. c4 Nf6 5. Nc3 g6 6. O-O Bg7 7. d3 O-O 8. h3 a6 9. Bxd7 Nfxd7 10. Be3 Nc6 11. d4 cxd4 12. Nxd4 Rc8 13. b3 Qa5 14. Rc1 Rfe8 15. Qd2 Nc5 16. Rfd1 Ne6 17. Nxe6 fxe6 18. Ne2 Qxd2 19. Rxd2 Kf7 20. f4 Nb8 21. g3 Nd7 22. e5 Rc6 23. Rcd1 Bf8 24. Nc3 d5 25. Ne2 Nc5 26. cxd5 exd5 27. Rxd5 Ne4 28. Kg2 Rc2 29. Kf3 Nc3 30. Nxc3 Rxc3 31. Rd7 Rec8 32. Rxb7 Rc2 33. Rd2 Rxd2 34. Bxd2 Rc2 35. Be3 Rxa2 36. b4 Rb2 37. g4 a5 38. b5 a4 39. b6 a3 40. Ra7 a2 41. Bd4 Rb4 42. Ke3 Rb3+ 43. Ke4 Rxh3 44. Rxa2 Rb3 45. Rb2 1-0


[Site "https://www.chess.com"]

[Event "Titled Tuesday Blitz November 08 Early 2022"]
[White "Postnikov, Daniil"]
[Black "Seletsky, Grigory"]
[WhiteFideId "4166329"]
[BlackFideId "14112191"]
[WhiteElo "2261"]
[BlackElo "2492"]
[Result "1-0"]
[Round "02"]
[TimeControl "180+1"]
[Date "2022.11.09"]
[WhiteClock "0:00:38"]
[BlackClock "0:00:57"]

1. e4 e6 2. d4 d5 3. e5 c5 4. c3 Nc6 5. Nf3 Bd7 6. Bd3 cxd4 7. cxd4 Qb6 8. O-O Nxd4 9. Nxd4 Qxd4 10. Nc3 Qxe5 11. Re1 Qb8 12. Nxd5 Bd6 13. Qg4 Kf8 14. Bg5 Bxh2+ 15. Kh1 Bd6 16. Rad1 f5 17. Qd4 e5 18. Qh4 e4 19. Bc4 Bc6 20. Nf4 Bxf4 21. Bxf4 Qe8 22. Bd6+ Ne7 23. f3 Rd8 24. Bxe7+ 1-0


[Site "https://www.chess.com"]

[Event "Titled Tuesday Blitz November 08 Early 2022"]
[White "Postny, Evgeny"]
[Black "Namitbir Singh Walia"]
[WhiteFideId "2804344"]
[BlackFideId "35071068"]
[WhiteElo "2476"]
[BlackElo "2239"]
[Result "1-0"]
[Round "02"]
[TimeControl "180+1"]
[Date "2022.11.09"]
[WhiteClock "0:00:09"]
[BlackClock "0:00:07"]

1. e4 c5 2. Nf3 d6 3. d4 cxd4 4. Nxd4 Nf6 5. Nc3 Nc6 6. Be2 e5 7. Nf3 h6 8. O-O Be7 9. Re1 O-O 10. Bf1 Qa5 11. h3 Be6 12. Bd2 Qd8 13. Be3 Rc8 14. a3 a6 15. Nd5 Bxd5 16. exd5 Nb8 17. c4 Nbd7 18. b4 Nh7 19. Qb3 Kh8 20. Rad1 f5 21. c5 dxc5 22. d6 Bf6 23. Bxc5 Ng5 24. Nh4 Nxh3+ 25. Qxh3 Bxh4 26. g3 Bg5 27. Bg2 b6 28. Be3 Bxe3 29. Rxe3 Rc2 30. Bf1 e4 31. Bxa6 Ne5 32. Be2 Rc6 33. d7 Rc7 34. Rd5 Nxd7 35. Rxf5 Nf6 36. Qh4 Rc1+ 37. Kg2 Qd2 38. Rxe4 Qe1 39. Bd3 Qg1+ 40. Kf3 Qd1+ 41. Be2 Qd7 42. Rff4 Qd5 43. Kg2 Kg8 44. Bf3 Nxe4 45. Rxf8+ Kxf8 46. Qf4+ Kg8 47. Qxc1 Qe5 48. Qc4+ 1-0


[Site "https://www.chess.com"]

[Event "Titled Tuesday Blitz November 08 Early 2022"]
[White "Prem, Pranav"]
[Black "Jegorovas, Aleksandras"]
[WhiteFideId "30901057"]
[BlackFideId "12801950"]
[WhiteElo "1970"]
[BlackElo "2247"]
[Result "0-1"]
[Round "02"]
[TimeControl "180+1"]
[Date "2022.11.09"]
[WhiteClock "0:00:04"]
[BlackClock "0:00:56"]

1. d4 Nf6 2. c4 e6 3. Nf3 Nc6 4. Nc3 Bb4 5. Qc2 d5 6. cxd5 exd5 7. Bg5 h6 8. Bf4 g5 9. Be5 g4 10. Nd2 Nxe5 11. dxe5 Nd7 12. Nxd5 Bxd2+ 13. Qxd2 Nxe5 14. e4 c6 15. Qc3 f6 16. Ne3 Be6 17. Rd1 Qe7 18. Bc4 O-O 19. Nf5 Qe8 20. Bxe6+ Qxe6 21. Nxh6+ Kh7 22. Nf5 Rad8 23. O-O Qxa2 24. Qe3 Qf7 25. Qh6+ Kg8 26. Qe3 Kh7 27. Qh6+ Kg8 28. Qf4 Qh5 29. Nh6+ Kh7 30. Nf5 g3 31. Qxg3 Rg8 32. Qh4 Nf3+ 33. Kh1 Nxh4 34. Nxh4 Rxd1 0-1


[Site "https://www.chess.com"]

[Event "Titled Tuesday Blitz November 08 Early 2022"]
[White "Pultinevicius, Paulius"]
[Black "Sharifov, Mekhriddin"]
[WhiteFideId "12809390"]
[BlackFideId "14701545"]
[WhiteElo "2493"]
[BlackElo "2109"]
[Result "1-0"]
[Round "02"]
[TimeControl "180+1"]
[Date "2022.11.09"]
[WhiteClock "0:00:09"]
[BlackClock "0:00:05"]

1. d4 Nf6 2. c4 e6 3. Nf3 b6 4. g3 Ba6 5. Qa4 Bb7 6. Bg2 c5 7. dxc5 Bxc5 8. O-O O-O 9. Nc3 Nc6 10. Rd1 Qe7 11. a3 a5 12. Qc2 Rac8 13. Bf4 d6 14. Rd2 Rfd8 15. Bg5 h6 16. Bxf6 Qxf6 17. Ne4 Qg6 18. Nh4 Qh7 19. Rad1 e5 20. e3 Ne7 21. Nc3 Qxc2 22. Rxc2 Bxg2 23. Kxg2 f5 24. Nd5 Nxd5 25. cxd5 Rf8 26. Ng6 Rfe8 27. b4 axb4 28. axb4 Kh7 29. bxc5 Kxg6 30. c6 e4 31. Rb1 Kf6 32. Rxb6 Ke5 33. Rb5 Rb8 34. Rcb2 Rxb5 35. Rxb5 Rc8 36. f4+ exf3+ 37. Kxf3 g5 38. Ke2 h5 39. Kd3 h4 40. gxh4 gxh4 41. Kc4 Ra8 42. c7 Rc8 43. Rb7 Ke4 44. Kb5 Kxd5 45. Kb6 Ke6 46. Rb8 Kd7 47. Rxc8 Kxc8 48. Kc6 d5 49. h3 d4 50. exd4 f4 51. d5 f3 52. d6 f2 53. d7# 1-0


[Site "https://www.chess.com"]

[Event "Titled Tuesday Blitz November 08 Early 2022"]
[White "Putnam, Liam"]
[Black "Garic, Radomir"]
[WhiteFideId "30938279"]
[BlackFideId "920959"]
[WhiteElo "2082"]
[BlackElo "2227"]
[Result "1-0"]
[Round "02"]
[TimeControl "180+1"]
[Date "2022.11.09"]
[WhiteClock "0:00:06"]
[BlackClock "0:00:19"]

1. e4 c5 2. d4 cxd4 3. Nf3 Nc6 4. Nxd4 Qc7 5. Nc3 e6 6. Be3 a6 7. Qf3 Ne5 8. Qg3 Bd6 9. f4 Ng6 10. e5 Bb4 11. Bd2 N8e7 12. h4 h5 13. a3 Bc5 14. Nb3 Nf5 15. Qh3 Be7 16. g3 b5 17. Bd3 Nh6 18. Bxg6 fxg6 19. O-O-O Bb7 20. Rhe1 Rc8 21. Kb1 Bf3 22. Rc1 Bg4 23. Qg2 Bf5 24. Ne4 Qc4 25. Bc3 Ng4 26. Rcd1 Qc7 27. Nd6+ Bxd6 28. exd6 Qc4 29. Na5 Qa4 30. Kc1 Rxc3 31. bxc3 Qxa3+ 32. Kd2 O-O 33. Nb7 b4 34. Qf3 b3 35. Ra1 Qb2 36. Rec1 bxc2 37. Nc5 Rc8 38. Nxd7 Nh2 39. Qe3 Be4 40. Ne5 Rc5 41. Qxc5 Nf3+ 42. Ke3 Nxe5 43. fxe5 Bd5 44. d7 Qb8 45. Qc8+ Kh7 46. Qxb8 1-0


[Site "https://www.chess.com"]

[Event "Titled Tuesday Blitz November 08 Early 2022"]
[White "Raahul V S"]
[Black "Salinas Herrera, Pablo"]
[WhiteFideId "25035525"]
[BlackFideId "3407128"]
[WhiteElo "2233"]
[BlackElo "2557"]
[Result "0-1"]
[Round "02"]
[TimeControl "180+1"]
[Date "2022.11.09"]
[WhiteClock "0:01:57"]
[BlackClock "0:01:39"]

1. e4 c5 2. c4 Nc6 3. Nc3 g6 4. d3 Bg7 5. Nge2 d6 6. g3 h5 7. Bg2 h4 8. Bg5 h3 9. Bf1 Bg4 10. Qd2 Ne5 11. O-O-O a6 12. Bf4 Nf3 13. Qe3 e5 14. Kb1 exf4 15. gxf4 Nd4 16. Rg1 Bxe2 17. Bxe2 Ne7 18. f5 Nxe2 19. Nxe2 Qb6 20. Rd2 O-O-O 21. Qg5 Bh6 22. Qxe7 Bxd2 23. Qxf7 gxf5 24. Qxf5+ Kb8 25. Qd5 Qc6 26. f4 Qxd5 27. cxd5 Rhg8 0-1


[Site "https://www.chess.com"]

[Event "Titled Tuesday Blitz November 08 Early 2022"]
[White "Rakhmanov, Aleksandr"]
[Black "Principe, Gerson"]
[WhiteFideId "4173708"]
[BlackFideId "3804550"]
[WhiteElo "2530"]
[BlackElo "2280"]
[Result "1-0"]
[Round "02"]
[TimeControl "180+1"]
[Date "2022.11.09"]
[WhiteClock "0:00:15"]
[BlackClock "0:00:03"]

1. d4 Nf6 2. c4 e6 3. Nc3 Bb4 4. e3 O-O 5. Bd3 c5 6. Nf3 cxd4 7. exd4 d5 8. cxd5 exd5 9. Ne5 Ne4 10. O-O Bxc3 11. bxc3 f6 12. Bxe4 fxe5 13. Qb3 Be6 14. Qxb7 Nd7 15. Bxd5 Bxd5 16. Qxd5+ Kh8 17. dxe5 Qc7 18. Ba3 Rfe8 19. Bd6 Qxc3 20. Rac1 Qb2 21. Rb1 Qc2 22. Rb7 Nb6 23. Qf7 Qg6 24. Qxg6 hxg6 25. Rc1 Nd5 26. g3 Kh7 27. h4 Kh6 28. Kg2 a5 29. Rc5 Nb4 30. Rcc7 Rg8 31. a3 Nd3 32. f4 a4 33. Kf3 Rae8 34. Ke3 Ne1 35. Rb2 Re6 36. Rc1 Kh5 37. Rxe1 Kg4 38. Kf2 Rd8 39. Ree2 Rc8 40. Kg2 Rc3 41. Kh2 Rxg3 42. Rg2 Rxg2+ 43. Kxg2 Kxf4 44. Rb4+ Ke3 45. Rxa4 Kd3 46. Rg4 1-0


[Site "https://www.chess.com"]

[Event "Titled Tuesday Blitz November 08 Early 2022"]
[White "Remizov, Yaroslav"]
[Black "Savic, Miomir"]
[WhiteFideId "34134015"]
[BlackFideId "934550"]
[WhiteElo "2414"]
[BlackElo "2122"]
[Result "1-0"]
[Round "02"]
[TimeControl "180+1"]
[Date "2022.11.09"]
[WhiteClock "0:01:17"]
[BlackClock "0:00:59"]

1. a3 d5 2. b3 e5 3. c3 Nd7 4. Ra2 Ngf6 5. d3 c5 6. e3 Bd6 7. f3 O-O 8. g4 Ne8 9. h4 Nb6 10. Rg2 Be6 11. Ne2 Qc7 12. Nd2 Rc8 13. c4 a5 14. e4 d4 15. a4 Nd7 16. Ng3 g6 17. Nf5 Nef6 18. Be2 Kh8 19. Nxd6 Qxd6 20. Nf1 Ng8 21. Ng3 Nb8 22. h5 g5 23. Bxg5 h6 24. Bd2 f6 25. Bxa5 b6 26. Bd2 Nc6 27. O-O Kh7 28. Qc1 Nb4 29. f4 Qe7 30. Nf5 Bxf5 31. gxf5 Rf7 32. Rg6 Rg7 33. Kh2 Rxg6 34. fxg6+ Kg7 35. fxe5 Qxe5+ 36. Bf4 Qe6 37. Qe1 Nc2 38. Qg3 Re8 39. Bg4 Qe7 40. e5 Ne3 41. Rf3 fxe5 42. Bxe5+ Qxe5 43. Rf7+ 1-0


[Site "https://www.chess.com"]

[Event "Titled Tuesday Blitz November 08 Early 2022"]
[White "Rios Escobar, Adan"]
[Black "Orozbaev, Eldiar"]
[WhiteFideId "3403645"]
[BlackFideId "13802240"]
[WhiteElo "2347"]
[BlackElo "2244"]
[Result "0-1"]
[Round "02"]
[TimeControl "180+1"]
[Date "2022.11.09"]
[WhiteClock "0:00:03"]
[BlackClock "0:00:55"]

1. d4 Nf6 2. g3 c5 3. d5 d6 4. c4 b5 5. cxb5 a6 6. bxa6 Nxa6 7. Nc3 g6 8. Nf3 Bg7 9. Bg2 O-O 10. O-O Bb7 11. Ne1 Qb6 12. Nc2 Rfb8 13. Rb1 Nc7 14. Ne3 Nd7 15. Qc2 Nb5 16. Nxb5 Qxb5 17. b3 Nb6 18. Rd1 Ba6 19. Bf1 Qd7 20. h4 h5 21. Bb2 Nc8 22. Bxg7 Kxg7 23. Kh2 Na7 24. Bh3 Qb7 25. Rd2 Nb5 26. Nc4 Nd4 27. Qd3 Bb5 28. Rdb2 Bd7 29. Bg2 Bf5 30. e4 Bg4 31. f3 Bd7 32. f4 Qc7 33. e5 Bf5 34. Be4 Rb4 35. Bxf5 Nxf5 36. Re1 Rab8 37. Rbe2 Nd4 38. Re4 Ra8 39. exd6 Rxa2+ 40. R1e2 Rxe2+ 41. Rxe2 exd6 42. Re4 Rxb3 43. Qd2 Nf3+ 44. Kh3 Nxd2 45. Nxd2 Rb2 46. Nc4 Qc8+ 47. f5 Qxf5+ 48. g4 Qf3# 0-1


[Site "https://www.chess.com"]